 Dungeon Crawl Stone Soup version 0.21-a0-405-gf2af9a1 (webtiles) character file.

490 Spazmo the Magician (level 6, -5/32 HPs)
             Began as a Deep Elf Ice Elementalist on Nov 1, 2017.
             Killed by nerve-wracking pain
             ... invoked by Menkaure
              (7 damage)
             ... on level 4 of the Dungeon.
             The game lasted 00:10:27 (2355 turns).

Spazmo the Magician (Deep Elf Ice Elementalist)     Turns: 2355, Time: 00:10:27

Health: -5/32      AC:  4    Str:  5    XL:     6   Next: 90%
Magic:  12/17      EV: 13    Int: 22    God:
Gold:   142        SH:  0    Dex: 15    Spells: 7/17 levels left

rFire    + . .     SeeInvis .   p - +2 dagger (speed)
rCold    + . .     Gourm    .   (no shield)
rNeg     . . .     Faith    .   h - +2 robe {rC+}
rPois    .         Spirit   .   (no helmet)
rElec    .         Reflect  .   (no cloak)
rCorr    .         Harm     .   (no gloves)
MR       .....                  (no boots)
Stlth    ++........             (no amulet)
HPRegen  0.10/turn              f - ring of protection from fire
MPRegen  0.15/turn              (no ring)

@: no status effects
A: no striking features
a: no special abilities


You were on level 4 of the Dungeon.
You were not hungry.

You visited 1 branch of the dungeon, and saw 4 of its levels.

You collected 142 gold pieces.

Inventory:

Hand Weapons
 p - a +2 dagger of speed (weapon)
Missiles
 k - 137 stones (quivered)
Armour
 h - a +2 robe of cold resistance (worn)
Jewellery
 f - a ring of protection from fire (left hand)
Scrolls
 a - a scroll of identify
 d - 2 scrolls of remove curse
 l - a scroll of enchant weapon
 r - a scroll of teleportation
Potions
 e - a potion of agility
 i - a potion of brilliance
 j - a potion of haste
 m - a potion of mutation {unknown}
 n - a potion of ambrosia {unknown}
 q - a potion of curing
Books
 b - a book of Frost

   Spells                             Type                      Level
   a - Freeze                         Ice                          1
   b - Throw Frost                    Conjuration/Ice              2
   c - Ozocubu's Armour               Charms/Ice                   3
   d - Throw Icicle                   Conjuration/Ice              4
   e - Summon Ice Beast               Ice/Summoning                4
Comestibles
 c - 3 bread rations
 g - 3 fruits
 o - a meat ration
 s - a royal jelly


   Skills:
 - Level 3.0 Dodging
 - Level 3.0 Stealth
 + Level 6.1 Spellcasting
 + Level 4.1 Conjurations
 + Level 5.6 Ice Magic


You had 7 spell levels left.
You knew the following spells:

 Your Spells              Type           Power        Failure   Level  Hunger
a - Freeze                Ice            ####         1%          1    None
b - Throw Frost           Conj/Ice       ####..       1%          2    None
c - Ozocubu's Armour      Chrm/Ice       ###.....     9%          3    #......
d - Throw Icicle          Conj/Ice       ####....     12%         4    ###....


Dungeon Overview and Level Annotations

Branches:
Dungeon (4/15)
 Temple: D:4-7

Altars:
Nemelex Xobeh

Annotations:
D:4 Menkaure


Message History

Casting: Freeze
Confirm with . or Enter, or press ? or * to list all spells.
Aiming: Freeze
Press: ? - help, Shift-Dir - straight line, f/p - Menkaure
Aim: Menkaure (moderately damaged)
You freeze Menkaure.
Menkaure resists.
Menkaure is heavily damaged.
Menkaure hits you!!
Ouch! That really hurt!
* * * LOW HITPOINT WARNING * * *
Casting: Freeze
Confirm with . or Enter, or press ? or * to list all spells.
Aiming: Freeze
Press: ? - help, Shift-Dir - straight line, f/p - Menkaure
Aim: Menkaure (heavily damaged)
You freeze Menkaure.
Menkaure resists.
Menkaure is heavily damaged.
Menkaure gestures at you while chanting.
Pain shoots through your body!
You die...

#.<......
##........
#.........
#.........
#.........
##.........
#.M...<....
#.@.......
#++####...


You could see Menkaure.

Vanquished Creatures
  Sigmund (D:2)
  The ghost of JimmyStorm the Chopper, an amateur DsMo (D:3)
  An orc priest (D:3)
  2 orc wizards (D:3)
  A worker ant (D:2)
  4 adders
  An ooze (D:3)
  A dart slug (D:2)
  3 leopard geckos
  2 orcs (D:3)
  2 ball pythons (D:2)
  2 giant cockroaches
  6 goblins
  10 hobgoblins
  A quokka (D:2)
  6 bats
  4 frilled lizards
  11 kobolds
  4 rats
63 creatures vanquished.

Notes
Turn   | Place    | Note
-------+----------+-------------------------------------------
     0 | D:1      | Spazmo the Deep Elf Ice Elementalist began the quest for the Orb.
     0 | D:1      | Reached XP level 1. HP: 10/10 MP: 6/6
   149 | D:1      | Reached XP level 2. HP: 15/15 MP: 2/8
   203 | D:1      | Learned a level 2 spell: Throw Frost
   635 | D:1      | Reached XP level 3. HP: 13/19 MP: 0/10
   660 | D:1      | Learned a level 3 spell: Ozocubu's Armour
   851 | D:2      | Reached skill level 4 in Spellcasting
   957 | D:2      | Reached XP level 4. HP: 7/24 MP: 8/12
   965 | D:2      | Learned a level 4 spell: Throw Icicle
  1114 | D:2      | Found a sparkling altar of Nemelex Xobeh.
  1253 | D:2      | Noticed Sigmund
  1292 | D:2      | Killed Sigmund
  1292 | D:2      | Reached skill level 5 in Spellcasting
  1292 | D:2      | Reached XP level 5. HP: 20/28 MP: 0/14
  1589 | D:3      | Reached skill level 5 in Ice Magic
  1589 | D:3      | Reached XP level 6. HP: 22/32 MP: 11/16
  1979 | D:3      | Noticed JimmyStorm's ghost (amateur DsMo)
  2272 | D:3      | Killed JimmyStorm's ghost
  2272 | D:3      | Reached skill level 6 in Spellcasting
  2350 | D:4      | Noticed Menkaure
  2354 | D:4      | HP: 1/32 [Menkaure (19)]
  2355 | D:4      | Killed from afar by Menkaure

Vault maps used:
D:1:      sevenhm_arrival_forest_fort_large_2, minmay_misc_feat_room
D:2:      lemuel_doored_altar, first_bread, uniq_sigmund
D:4:      kennysheep_generic_room_6, uniq_menkaure, uniq_robin

Skill      XL: |  1  2  3  4  5  6 |
---------------+-------------------+-----
Dodging        | 3 |  3.0
Stealth        | 3 |  3.0
Spellcasting   | 4 5 6 |  6.1
Ice Magic      | 4 5 |  5.6
Conjurations   | 3 4 |  4.1

Action                   |  1- 3 |  4- 6 || total
-------------------------+-------+-------++-------
Melee: Dagger            |     7 |       ||     7
 Cast: Freeze            |    43 |    61 ||   104
       Throw Frost       |     5 |    13 ||    18
       Ozocubu's Armour  |       |     1 ||     1
  Use: Scroll            |     4 |     4 ||     8
       Potion            |     1 |     3 ||     4
  Eat: Chunk             |       |     4 ||     4
Armor: Robe              |     5 |    10 ||    15
Dodge: Dodged            |    31 |    20 ||    51

Table legend:
 A = Spawn XP
 B = Non-spawn XP
 C = Spawn XP percentage of total XP
 D = Spawn monster count
 E = Non-spawn monster count
 F = Spawn count percentage of total count
 G = Total turns spent on level
                    A         B        C        D         E        F      G
               +---------+---------+-------+---------+---------+-------+---------
         Total |       0 |     701 |   0.0 |       0 |      63 |   0.0 |  2355
               +---------+---------+-------+---------+---------+-------+---------
           D:1 |       0 |      35 |   0.0 |       0 |      22 |   0.0 |   708
           D:2 |       0 |     315 |   0.0 |       0 |      21 |   0.0 |   774
           D:3 |       0 |     351 |   0.0 |       0 |      20 |   0.0 |   868
               +---------+---------+-------+---------+---------+-------+---------
